 Dungeon Crawl Stone Soup version 0.28.0 (webtiles) character file.

Game seed: 6782940747338628927

16 Minsecho the Skirmisher (level 2, -1/49 HPs)
             Began as an Ogre Berserker on Feb 15, 2022.
             Was a Follower of Trog.
             Slain by an orc (4 damage)
             ... on level 1 of the Dungeon.
             The game lasted 00:00:44 (1268 turns).

Minsecho the Skirmisher (Ogre Berserker)            Turns: 1268, Time: 00:00:44

Health: -1/49      AC:  4    Str: 20    XL:     2   Next: 58%
Magic:  2/2        EV: 10    Int:  8    God:    Trog [*.....]
Gold:   72         SH:  0    Dex:  8    Spells: 1/1 levels left

rFire   . . .      SeeInvis .   a - +0 mace
rCold   . . .      Faith    .   (no shield)
rNeg    . . .      Spirit   .   b - +0 animal skin
rPois   .          Reflect  .   (helmet restricted)
rElec   .          Harm     .   h - +0 cloak
rCorr   .          Rampage  .   (gloves unavailable)
Will    .....                   (boots unavailable)
Stlth   ..........              (no amulet)
HPRegen 0.16/turn               (no ring)
MPRegen 0.08/turn               (no ring)

@: berserking, very quick
A: large, unfitting armour, tough skin 1
a: Renounce Religion, Berserk


You were on level 1 of the Dungeon.
You worshipped Trog.
Trog was aware of your devotion.
You visited 1 branch of the dungeon, and saw 2 of its levels.

You collected 72 gold pieces.

Inventory:

Hand Weapons
 a - a +0 mace (weapon)
Armour
 b - a +0 animal skin (worn)
 h - a +0 cloak (worn)
Jewellery
 f - an amulet of faith
Scrolls
 c - 4 scrolls of teleportation {unknown}
Potions
 d - 2 potions of attraction {unknown}
 e - a potion of flight {unknown}
 g - a potion of ambrosia {unknown}


   Skills:
 + Level 4.3 Fighting
 + Level 3.0 Maces & Flails
 + Level 2.9 Dodging
 + Level 0.2 Stealth


You had one spell level left.
You didn't know any spells.
Your spell library was empty.

Dungeon Overview and Level Annotations

Branches:
Dungeon (2/15)

Altars:


Innate Abilities, Weirdness & Mutations

You are too large for most types of armour.
You have tough skin. (AC +1)


Message History

You feel yourself speed up.
You start resting.
You recover from your berserk rage.
You start resting.
HP restored.
You climb downwards.
The orc hits you with a +2 flail of protection!
The orc hits you with a +0 hand axe. The orc closely misses you.
The orc barely misses you. The orc hits you with a +0 falchion.
There is a stone staircase leading up, spattered with blood here.
Unknown command.
The orc closely misses you.
The orc priest casts a cantrip, but nothing happens.
The orc hits you with a +0 falchion. The orc misses you.
You climb upwards.
There is a stone staircase leading down here.
Unknown command.
You barely miss the orc. The orc hits you with a +0 war axe. x2
* * * LOW HITPOINT WARNING * * *
A red film seems to cover your vision as you go berserk!
You feel yourself moving faster!
You feel mighty! The orc hits you with a +0 war axe.
* * * LOW HITPOINT WARNING * * *
You barely miss the orc wizard.
The orc wizard hits you with a +0 dagger.
* * * LOW HITPOINT WARNING * * *
The orc barely misses you.
You sock the orc wizard!
The orc wizard is heavily wounded.
You barely miss the orc wizard.
The orc wizard is heavily wounded.
The orc wizard hits you but does no damage.
The orc barely misses you.
Unknown command.
You sock the orc wizard!
You kill the orc wizard!
Trog accepts your kill.
Trog appreciates your killing of a magic user.
The orc hits you with a +0 war axe.
You die...

#.# #.#
####.##########
##....#........#
##.####'######.#
##...........#.#
##...........#.#
##...........#.###
.............(.o@#
###..........#.#o#
###########'##..o#
......# #.######
#####.## #.# ..#
#..# #.# ..# ##.#
#.# ..# #.# #.#
..# #.# #.#


You could see 3 orcs.

Vanquished Creatures
  An orc wizard (D:1)
  3 orcs (D:1)
  A hobgoblin (D:1)
  A jackal (D:1)
  A kobold (D:1)
  A quokka (D:1)
  3 ball pythons (D:1)
  A bat (D:1)
  A frilled lizard (D:1)
  2 rats (D:1)
15 creatures vanquished.

Notes
Turn   | Place    | Note
-------+----------+-------------------------------------------
     0 | D:1      | Minsecho the Ogre Berserker began the quest for the Orb.
     0 | D:1      | Reached XP level 1. HP: 24/24 MP: 1/1
   173 | D:1      | Found a faded altar of an unknown god.
   468 | D:1      | Reached XP level 2. HP: 32/32 MP: 2/2
  1268 | D:1      | Slain by an orc

Illustrated notes

Levels and vault maps discovered:
D:1:      minmay_arrival_five_plusses, layout_basic,
          ebering_ecumenical_altar_mist, minmay_3d_cube
D:2:      layout_rooms, serial_shops, nicolae_shop_advertising_works
          [nicolae_subvault_shop_adworks], basic_altar

Skill      XL: |  1  2 |
---------------+-------+-----
Maces & Flails | 3 |  3.0
Fighting       | |  4.3
Dodging        | |  2.9
Stealth        | |  0.2

Action                   || total
-------------------------++-------
Melee: Mace              ||    47
       Punch             ||     1
Invok: Berserk           ||     2
 Stab: Sleeping          ||     1
Armor: Animal skin       ||    15
Dodge: Dodged            ||    32
